 Dungeon Crawl Stone Soup version 0.19.4-8-ga85b6b9 (webtiles) character file.

158 DarkTechnomancer the Shooter (level 5, -5/45 HPs)
             Began as a Centaur Hunter on Feb 9, 2017.
             Killed from afar by an orc (16 damage)
             ... with a wand of acid
             ... on level 3 of the Dungeon.
             The game lasted 00:05:52 (4315 turns).

DarkTechnomancer the Shooter (Centaur Hunter)       Turns: 4315, Time: 00:05:53

Health: -5/45      AC:  0    Str: 15    XL:     5   Next: 16%
Magic:  5/5        EV:  9    Int: 10    God:
Gold:   128        SH:  0    Dex: 10    Spells: 0 memorised, 4 levels left

rFire  . . .     SeeInvis .     a - +0 hunting sling
rCold  + . .     Gourm    .     c - +0 leather armour
rNeg   . . .     Faith    .     (no shield)
rPois  .         Spirit   .     (no helmet)
rElec  .         Reflect  .     (no cloak)
rCorr  .         Harm     .     (no gloves)
MR     .....                    (no barding)
Stlth  +.........               (no amulet)
                                (no ring)
                                m - ring of protection from cold

@: corroded, very quick
A: hooves 3, deformed body, speed 2, tough skin 3
a: no special abilities


You were on level 3 of the Dungeon.
You were not hungry.

You visited 1 branch of the dungeon, and saw 3 of its levels.

You collected 128 gold pieces.

Inventory:

Hand Weapons
 a - a +0 hunting sling (weapon)
 b - a +0 short sword
 v - a +1 shortbow
Missiles
 d - 131 arrows
 h - 60 stones (quivered)
Armour
 c - a +0 leather armour (worn)
Jewellery
 m - a ring of protection from cold (left hand)
 s - an uncursed amulet of rage {unknown}
Scrolls
 e - 5 scrolls of identify {unknown}
 g - a scroll of random uselessness {unknown}
 k - 2 scrolls of remove curse {unknown}
 n - a scroll of fear {unknown}
 u - a scroll of magic mapping {unknown}
 B - a scroll of recharging {unknown}
 C - a scroll of amnesia {unknown}
Potions
 j - a potion of haste {unknown}
 l - a potion of might {unknown}
 o - 2 potions of resistance {unknown}
 p - 2 potions of curing {unknown}
 r - a potion of experience {unknown}
 t - a potion of cure mutation {unknown}
 w - 2 potions of invisibility {unknown}
 x - 2 potions of cancellation {unknown}
 z - a potion of degeneration {unknown}
 A - a potion of berserk rage {unknown}
Books
 y - a book of Callings

   Spells                             Type                      Level
   a - Summon Small Mammal            Summoning                    1
   b - Call Imp                       Summoning                    2
   c - Call Canine Familiar           Summoning                    3
   d - Summon Guardian Golem          Hexes/Summoning              3
   e - Summon Lightning Spire         Summoning/Air                4
   f - Summon Ice Beast               Ice/Summoning                4
Comestibles
 f - 3 bread rations
 i - a slice of pizza
 q - a meat ration
 D - a chunk of flesh


   Skills:
 + Level 3.4 Fighting
 * Level 7.5 Bows
 - Level 1.5 Dodging
 - Level 0.6 Stealth


You had 4 spell levels left.
You didn't know any spells.

Dungeon Overview and Level Annotations

Branches:
Dungeon (3/15)

Altars:
Sif Muna
Yredelemnul


Innate Abilities, Weirdness & Mutations

You have hooves in place of feet.
Armour fits poorly on your strangely shaped body.
You cover ground very quickly.
You have extremely tough skin. (AC +3)


Message History

You shoot a stone.
The stone hits the orc but does no damage.
The orc is lightly wounded.
Firing (i - inventory):
h - 62 stones (quivered)
Press: ? - help, Shift-Dir - straight line, f/p - orc
Aim: an orc, wielding a falchion, wearing a leather armour and wearing a tourmaline ring (lightly wounded)
You shoot a stone. The stone hits the orc.
The orc is heavily wounded.
Firing (i - inventory):
h - 61 stones (quivered)
Press: ? - help, Shift-Dir - straight line, f/p - orc
Aim: an orc, wielding a falchion, wearing a leather armour and wearing a tourmaline ring (heavily wounded)
You shoot a stone.
The stone hits the orc but does no damage.
The orc is heavily wounded.
The orc zaps a wand.
The bolt of acid hits you! The acid corrodes you!
You are splashed with acid!
The acid burns!
* * * LOW HITPOINT WARNING * * *
It is a wand of acid.
The orc zaps a wand.
The bolt of acid hits you!
You die...

###############
#.............#
#.###########.#
#.#.....#####.###
#.#.###..........
###.#.# #######.###
#.@...# #.....
#.###.########..###
#.# #...........# #
#.###.#########.# #
#o....#########.# #
#.#....[........# #
####(###.#############
...>(....# #.
#.......## ##


You could see an orc.

Vanquished Creatures
  A howler monkey skeleton (D:3)
  6 adders
  A shadow imp (D:3)
  3 dart slugs
  2 leopard geckos
  2 orcs (D:3)
  10 bats
  3 giant cockroaches
  10 goblins
  11 hobgoblins
  3 quokkas
  2 ball pythons
  6 frilled lizards
  6 kobolds
  8 rats
  A spectral orc (D:2)
75 creatures vanquished.

Notes
Turn   | Place    | Note
-------+----------+-------------------------------------------
     0 | D:1      | DarkTechnomancer the Centaur Hunter began the quest for the Orb.
     0 | D:1      | Reached XP level 1. HP: 17/17 MP: 1/1
   344 | D:1      | Reached XP level 2. HP: 24/24 MP: 2/2
  1104 | D:1      | Reached XP level 3. HP: 14/30 MP: 3/3
  1474 | D:1      | Reached skill level 6 in Bows
  2237 | D:2      | Reached XP level 4. HP: 37/38 MP: 4/4
  2257 | D:2      | Found a deep blue altar of Sif Muna.
  2865 | D:2      | Found a basalt altar of Yredelemnul.
  3369 | D:3      | Reached skill level 7 in Bows
  3645 | D:3      | Reached XP level 5. HP: 35/45 MP: 5/5
  4315 | D:3      | Killed from afar by an orc

Skill      XL: |  1  2  3  4 |
---------------+-------------+-----
Bows           | 6 7 |  7.5
Fighting       | 3 |  3.4
Dodging        | |  1.5
Stealth        | |  0.6

Action                   |  1- 3 |  4- 6 || total
-------------------------+-------+-------++-------
Melee: Short sword       |   157 |    97 ||   254
       Kick              |    28 |    16 ||    44
 Fire: Shortbow          |     4 |       ||     4
       Hunting sling     |       |    50 ||    50
  Eat: Chunk             |     3 |     6 ||     9
Armor: Leather armour    |    85 |    36 ||   121
Dodge: Dodged            |    94 |    47 ||   141
